 Dungeon Crawl Stone Soup version 0.28-a0-1159-g27aa881441 (webtiles) character file.

Game seed: 15861353859247009810

6 BinkBink the Slasher (level 1, -2/19 HPs)
             Began as a Minotaur Monk on Dec 15, 2021.
             Slain by a gnoll (12 damage)
             ... on level 1 of the Dungeon.
             The game lasted 00:00:20 (320 turns).

BinkBink the Slasher (Minotaur Monk)                 Turns: 320, Time: 00:00:20

Health: -2/19      AC:  2    Str: 15    XL:     1   Next: 75%
Magic:  0/0        EV: 13    Int:  7    God:
Gold:   17         SH:  0    Dex: 12    Spells: 0/0 levels left

rFire   . . .      SeeInvis .   a - +0 falchion
rCold   . . .      Faith    .   (no shield)
rNeg    . . .      Spirit   .   b - +0 robe
rPois   .          Reflect  .   (helmet restricted)
rElec   .          Harm     .   (no cloak)
rCorr   .          Rampage  .   (no gloves)
Will    .....                   (no boots)
Stlth   ++........              (no amulet)
HPRegen 0.06/turn               (no ring)
MPRegen 0.07/turn               (no ring)

@: no status effects
A: horns 2, retaliatory headbutt
a: no special abilities


You were on level 1 of the Dungeon.
You visited 1 branch of the dungeon, and saw 1 of its levels.

You collected 17 gold pieces.

Inventory:

Hand Weapons
 a - a +0 falchion (weapon)
Armour
 b - a +0 robe (worn)
Potions
 c - a potion of mutation {unknown}
 d - a potion of curing {unknown}


   Skills:
 - Level 3.6 Fighting
 + Level 3.9 Long Blades
 + Level 3.5 Dodging
 - Level 1.5 Stealth


You couldn't memorise any spells.
You didn't know any spells.
Your spell library was empty.

Dungeon Overview and Level Annotations

Branches:
Dungeon (1/15)

Altars:


Innate Abilities, Weirdness & Mutations

You have a pair of horns on your head.
You reflexively headbutt those who attack you in melee.


Message History

There is an open door, spattered with blood here.
Found a stone staircase leading down.
You now have 9 gold pieces.
Found a spear.
A rat comes into view.
A rat is nearby!
The helpless rat fails to defend itself.
You slash the rat!
You kill the rat!
No target in view!
No target in view!
Found 14 arrows.
You now have 17 gold pieces (gained 8).
A bat comes into view.
A bat is nearby!
A bat is nearby!
The bat closely misses you. The bat hits you but does no damage.
You hit the bat but do no damage. The bat hits you.
You closely miss the bat. Your headbutt misses the bat. The bat misses you.
You furiously retaliate!
You headbutt the bat!
You kill the bat!
No target in view!
No target in view!
A bat comes into view.
A bat is nearby!
A bat is nearby!
A gnoll comes into view. It is wielding a +0 flail.
You closely miss the bat.
The gnoll shouts!
The bat hits you but does no damage. The bat hits you but does no damage.
The bat misses you. The bat hits you but does no damage.
You hit the bat.
You kill the bat!
You barely miss the gnoll. The gnoll hits you with a +0 flail!
You slash the gnoll!
The gnoll is heavily wounded.
The gnoll hits you with a +0 flail!
Ouch! That really hurt!
You die...

#########
........########
#.............#
#.####.######.#
#. #.# #.# ##.##
#.# #@#
###...###.# #g#
....#.....# #.#
#....#### #.#
####.# #.# #.#
#.# #.# #.# #.#
#.# #### #.#


You could see a gnoll.

Vanquished Creatures
  4 bats (D:1)
  A hobgoblin (D:1)
  A ball python (D:1)
  A rat (D:1)
7 creatures vanquished.

Notes
Turn   | Place    | Note
-------+----------+-------------------------------------------
     0 | D:1      | BinkBink the Minotaur Monk began the quest for the Orb.
     0 | D:1      | Reached XP level 1. HP: 19/19 MP: 0/0
   320 | D:1      | Slain by a gnoll

Illustrated notes

Levels and vault maps discovered:
D:1:      amcnicky_arrival_wind_blow, layout_loops_ring, minivault_27,
          chequers_serial_rivers_room_b, solitary_fountain

Action                   || total
-------------------------++-------
Melee: Falchion          ||    18
 Stab: Sleeping          ||     2
Armor: Robe              ||     5
Dodge: Dodged            ||    12

Table legend: (Time is in decaauts)
 A = Elapsed time spent in this place.
 B = Non-inter-level travel time spent in this place.
 C = Inter-level travel time spent in this place.
 D = Time resting spent in this place.
 E = Time spent auto-exploring this place.
 F = Levels seen in this place.
 G = Mean time per level.
                   A        B        C        D        E       F      G
               +--------+--------+--------+--------+--------+-----+--------+
         Total |    324 |    324 |      0 |      0 |    267 |   1 |  324.0 |
       Dungeon |    324 |    324 |      0 |      0 |    267 |   1 |  324.0 |
               +--------+--------+--------+--------+--------+-----+--------+

Top non-repeatable levels by time:
     D:1: 324 daAuts
